 Dungeon Crawl Stone Soup version 0.16.2-2-g470672f (webtiles) character file.

65 monobi the Insei (level 3, -7/42 HPs)
             Began as a Draconian Transmuter on Sept 3, 2015.
             Mangled by Crazy Yiuf
             ... wielding a +2 quarterstaff of chaos
              (11 damage)
             ... while paralysed by Crazy Yiuf
             ... on level 2 of the Dungeon.
             The game lasted 00:05:16 (1618 turns).

monobi the Insei (Draconian Transmuter)             Turns: 1618, Time: 00:05:17

Health: -7/42      AC: 24    Str: 12    XL:     3   Next: 92%
Magic:  6/6        EV:  2    Int: 13    God:
Gold:   106        SH:  0    Dex: 12    Spells: 1 memorised, 5 levels left

rFire  . . .     SeeInvis .     c - +0 short sword
rCold  . . .     Clarity  .     (armour unavailable)
rNeg   + + +     SustAb   .     g - +1 buckler {AC+3}
rPois  +         Gourm    .     (helmet currently unavailable)
rElec  .         Spirit   .     (cloak currently unavailable)
rCorr  .         Warding  .     (gloves currently unavailable)
rMut   .         NoTele   +     (boots currently unavailable)
MR     .....                    (no amulet)
Stlth  +.........               (no ring)
                                (no ring)

@: paralysed, tree-form, drained, not resistant to hostile enchantments, very
unstealthy
A: unfitting armour, (cold-blooded), AC +5
a: no special abilities


You were on level 2 of the Dungeon.
You were not hungry.
You were a tree.
You visited 1 branch of the dungeon, and saw 2 of its levels.

You collected 106 gold pieces.

Inventory:

Hand weapons
 c - a +0 short sword (weapon)
Missiles
 b - 12 arrows
Armour
 g - a +1 buckler of protection (worn)
 l - a +0 shield
Scrolls
 e - 9 scrolls of identify {unknown}
 h - a scroll of fog {unknown}
 m - 3 scrolls of remove curse {unknown}
Potions
 i - a potion of curing {unknown}
 k - a potion of agility {unknown}
 o - a potion of restore abilities {unknown}
 p - a potion of resistance {unknown}
 q - a potion of ambrosia {unknown}
Books
 d - a book of Changes

   Spells                             Type                      Level
   a - Beastly Appendage              Transmutation                1
   b - Sticks to Snakes               Transmutation                2
   c - Spider Form                    Transmutation/Poison         3
   d - Ice Form                       Ice/Transmutation            4
   e - Blade Hands                    Transmutation                5
Comestibles
 a - 2 chunks of flesh
 f - a royal jelly
 j - 3 meat rations
 r - a slice of pizza


   Skills:
 + Level 1.3(0.8) Fighting
 * Level 0.8(0.2) Short Blades
 * Level 3.0(2.5) Dodging
 + Level 0.4(0.0) Shields
 - Level 3.1(2.6) Unarmed Combat
 + Level 2.0(1.5) Spellcasting
 * Level 2.5(1.9) Transmutations


You had 5 spell levels left.
You knew the following spells:

 Your Spells              Type           Power        Failure   Level  Hunger
a - Beastly Appendage     Trmt           #.....       24%         1    ##.....


Dungeon Overview and Level Annotations

Branches:
Dungeon (2/15)

Altars:
Cheibriados
Fedhas
Nemelex Xobeh
Okawaru
Qazlal
Ru
Vehumet
Yredelemnul

Annotations:
D:2 Crazy Yiuf


Innate Abilities, Weirdness & Mutations

((Your plain brown scales are hard (AC +5).))
Your body does not fit into most forms of armour.
((Your cold-blooded metabolism reacts poorly to cold.))


Message History

Crazy Yiuf is nearby!
You barely miss Crazy Yiuf.
Your tail-slap misses Crazy Yiuf.
Crazy Yiuf is moderately wounded.
Crazy Yiuf hits you with a quarterstaff of chaos.
* * * LOW HITPOINT WARNING * * *
Crazy Yiuf burns you.
* * * LOW HITPOINT WARNING * * *
Crazy Yiuf is nearby!
You are too injured to fight recklessly!
You are too injured to fight recklessly!
Crazy Yiuf is nearby!
You are too injured to fight recklessly!
Drink which item? (? for menu, Esc to quit)
It was a potion of lignification.
You turn into a tree.
Your roots penetrate the ground.
You block Crazy Yiuf's attack.
You completely miss Crazy Yiuf.
Crazy Yiuf is moderately wounded.
Crazy Yiuf hits you but does no damage.
You suddenly lose the ability to move!
Crazy Yiuf hits you but does no damage.
You are electrocuted!
You die...

########........+...............
#.....####...########........
#.###.# #...# #..#####. #.# ###
##### #........ #.# ###.####.
#.###♣♣♣♣♣ #.# #. #.#.+..♣.♣♣♣
#### #####.####.
#.......♣..♣#...# #........#.
#......♣♣♣♣.♣g..# #####..#>#.
##..+.♣♣ ♣♣#..)# ##.#.#. ####♣♣
#### #.#.#. #...#. ##..#. #..#.
##.#. #... #...


You could see Crazy Yiuf.

Vanquished Creatures
  An adder (D:2)
  2 worms (D:2)
  A giant cockroach (D:2)
  2 goblins
  3 hobgoblins
  7 kobolds
  An ooze (D:1)
  A quokka (D:2)
  5 bats
  4 giant newts
  25 rats
52 creatures vanquished.

Notes
Turn   | Place    | Note
--------------------------------------------------------------
     0 | D:1      | monobi, the Draconian Transmuter, began the quest for the Orb.
     0 | D:1      | Reached XP level 1. HP: 16/16 MP: 3/3
   208 | D:1      | Found an iron altar of Okawaru.
   329 | D:1      | Reached XP level 2. HP: 23/23 MP: 4/4
   656 | D:2      | Reached XP level 3. HP: 8/28 MP: 6/6
   955 | D:2      | Found a stormy altar of Qazlal.
   955 | D:2      | Found a snail-covered altar of Cheibriados.
   955 | D:2      | Found a radiant altar of Vehumet.
   956 | D:2      | Found a blossoming altar of Fedhas.
   957 | D:2      | Found a basalt altar of Yredelemnul.
   957 | D:2      | Found a sacrificial altar of Ru.
  1125 | D:2      | Found a sparkling altar of Nemelex Xobeh.
  1608 | D:2      | Noticed Crazy Yiuf
  1617 | D:2      | Paralysed by Crazy Yiuf for 3 turns
  1618 | D:2      | Mangled by Crazy Yiuf

Action                   || total
-------------------------++-------
Melee: Short sword       ||   193
  Use: Potion            ||     1
  Eat: Bread ration      ||     1
